 Dungeon Crawl Stone Soup version 0.30.0-15-g856e2d3f33 (webtiles) character file.

Game seed: 11559273585647372070

49 greasedhog the Shield-Bearer (level 4, 0/37 HPs)
             Began as a Formicid Fighter on May 18, 2023.
             Killed from afar by Robin (7 damage)
             ... with a puff of flame
             ... on level 2 of the Dungeon.
             The game lasted 00:01:36 (1235 turns).

greasedhog the Shield-Bearer (Formicid Fighter)     Turns: 1235, Time: 00:01:37

Health: 0/37       AC:  8    Str: 23    XL:     4   Next: 2%
Magic:  4/4        EV:  9    Int:  7    God:
Gold:   87         SH:  5    Dex: 13    Spells: 3/3 levels left

rFire   . . .        a - +0 trident
rCold   . . .        c - +0 buckler
rNeg    . . .        b - +0 scale mail
rPois   .            (helmet unavailable)
rElec   .            g - +0 cloak
rCorr   .            (no gloves)
SInv    +            (no boots)
Will    .....        (no amulet) Stlth
                     (no ring)
HPRegen 0.26/turn    (no ring)
MPRegen 0.09/turn

%: no passive effects
@: no status effects
A: permanent stasis, dig shafts and tunnels, antennae 3, four strong arms
a: Dig, Shaft Self


You were on level 2 of the Dungeon.
You visited 1 branch of the dungeon, and saw 2 of its levels.

You collected 87 gold pieces.

Inventory:

Hand Weapons
 a - a +0 trident (weapon)
Armour
 b - a +0 scale mail (worn)
 c - a +0 buckler (worn)
 g - a +0 cloak (worn)
Scrolls
 f - 2 scrolls of identify {unknown}
 j - 3 scrolls of enchant weapon {unknown}
 l - a scroll of silence {unknown}
Potions
 d - a potion of might
 e - a potion of cancellation {unknown}
 h - a potion of curing {unknown}
 i - a potion of flight {unknown}
 k - a potion of brilliance {unknown}


   Skills:
 + Level 3.9 Fighting
 * Level 3.4 Polearms
 - Level 3.2 Armour
 - Level 4.0 Shields


You had 3 spell levels left.
You didn't know any spells.
Your spell library was empty.

Dungeon Overview and Level Annotations

Branches:
Dungeon (2/15)

Altars:

Annotations:
D:2 Robin


Innate Abilities, Weirdness & Mutations

You cannot be hasted, slowed, berserked, paralysed or teleported.
You can dig through walls and to a lower floor.
You have a pair of large antennae on your head. (SInv)
Your four strong arms can wield two-handed weapons with a shield.


Message History

a +0 club; a +0 dagger
There is a stone staircase leading down, spattered with blood here.
You climb downwards.
Level annotation: Robin The goblin shoots a sling bullet.
The sling bullet hits you but does no damage.
There is a stone staircase leading up, spattered with blood here.
The goblin shoots a sling bullet.
The sling bullet hits you. Robin throws the goblin at you!
You puncture the goblin!
You kill the goblin!
Robin zaps a wand.
The puff of flame hits you.
There is a stone staircase leading up, spattered with blood here.
Reach: a) +0 trident
Press: ? - help, Dir - move target, f - Robin
Aim: Robin, wielding a +0 mace, wearing a +2 animal skin, wearing a +0 helmet and carrying a wand of flame (18) (about 35% to evade your +0 trident)
You reach to attack!
You puncture Robin!
Robin is severely wounded.
Unknown command.
You hit Robin.
Robin is severely wounded.
Robin hits you with a +0 mace.
You hit Robin but do no damage.
Robin is severely wounded.
Robin zaps a wand.
The puff of flame hits you!
Robin roars a battlecry!
The goblin goes into a battle-frenzy!
You hit Robin.
Robin is severely wounded.
Robin zaps a wand.
The puff of flame hits you!
You barely miss Robin.
Robin is severely wounded.
Robin hits you with a +0 mace.
You completely miss Robin.
Robin is severely wounded.
Robin zaps a wand.
The puff of flame hits you.
* * * LOW HITPOINT WARNING * * *
Unknown command.
Robin zaps a wand.
The puff of flame hits you!
You die...

##{##.#.g#.###.#.)# ##..##
gg.g.gg{{......##.###...#
..†#........##[.(......##
#).#..########.........#
.........##.........[..##########
##...###....##..g..(...##........
....## ### #.........##........
..... ##..g......##........
.#..## #...@.)....(.........
...## #........<...#.........
.### ....#...................
#..............#........
..#.#.....######........
#...#.....# #........ ..# #.>...#
#........ #. #.....# #########
......


You could see Robin and a goblin (strong).

Vanquished Creatures
  An adder (D:2)
  2 endoplasms
  2 giant cockroaches
  5 hobgoblins
  3 kobolds
  A quokka (D:1)
  4 ball pythons
  2 bats (D:1)
  A frilled lizard (D:1)
  13 goblins
  2 rats (D:1)
36 creatures vanquished.

Notes
Turn   | Place    | Note
-------+----------+-------------------------------------------
     0 | D:1      | greasedhog the Formicid Fighter began the quest for the
                  | Orb.
     0 | D:1      | Reached XP level 1. HP: 18/18 MP: 1/1
   106 | D:1      | Reached XP level 2. HP: 24/24 MP: 2/2
   836 | D:1      | Reached XP level 3. HP: 12/30 MP: 3/3
  1030 | D:2      | Noticed Robin
  1165 | D:1      | Reached XP level 4. HP: 22/37 MP: 4/4
  1235 | D:2      | Killed from afar by Robin

Illustrated notes

Levels and vault maps discovered:
D:1:      matt_arrival_refuge, layout_basic
D:2:      layout_rooms, hellmonk_ecumenical_altar_dog_temple,
          hangedman_decor_growths, uniq_robin

Skill      XL: |  1  2  3 |
---------------+----------+-----
Polearms       | 3 |  3.4
Fighting       | |  3.9
Armour         | |  3.2
Shields        | |  4.0

Action                     |  1- 3 |  4- 6 || total
---------------------------+-------+-------++-------
  Melee: Trident           |   104 |     7 ||   111
 Armour: Scale mail        |    67 |     2 ||    69
  Dodge: Dodged            |    54 |       ||    54
  Block: Buckler           |    37 |       ||    37
